 Dungeon Crawl Stone Soup version 0.16.1-7-g2c6721e (webtiles) character file.

135416 Gorice the Brawler (level 16, -10/136 HPs)
             Began as a Demonspawn Wanderer on Mar 28, 2015.
             Was a High Priest of Okawaru.
             Blown up by an orb spider (63 damage)
             ... with an orb of destruction
             ... on level 1 of the Spider Nest on Mar 29, 2015.
             The game lasted 06:31:44 (43572 turns).

Gorice the Brawler (Demonspawn Wanderer)           Turns: 43572, Time: 06:31:44

Health: -10/136    AC: 40    Str: 16    XL:     16   Next: 64%
Magic:  29/38      EV: 15    Int: 16    God:    Okawaru [*****.]
Gold:   899        SH:  0    Dex: 16    Spells: 0 memorised, 15 levels left

rFire  . . .     SeeInvis +     b - +9 arbalest of Floods {velocity, MP+9 SInv}
rCold  . . .     Clarity  +     Z - +10 chain mail of Disaster {rPois Dex+2 SInv}
rNeg   + . .     SustAb   .     (no shield)
rPois  +         Gourm    .     H - +2 helmet {SInv}
rElec  .         Spirit   .     t - +2 cloak {MR+}
rCorr  +         Warding  +     (gloves unavailable)
rMut   .         Stasis   .     y - +2 pair of boots {run}
MR     ++...                    r - amulet of warding
Stlth  ..........               k - +4 ring of evasion
                                E - ring of flight

@: heroism, quick, very resistant to hostile enchantments, extremely unstealthy
A: claws 3, yellow scales 3, clarity, demonic guardian 1, powered by death 1
a: Heroism, Finesse, Renounce Religion, Evoke Flight


You were on level 1 of the Spider Nest.
You worshipped Okawaru.
Okawaru was extremely pleased with you.
You were not hungry.

You visited 6 branches of the dungeon, and saw 33 of its levels.
You also visited: Labyrinth and Ice Cave.

You collected 3918 gold pieces.
You spent 3019 gold pieces at shops.

Inventory:

Hand weapons
 b - the +9 arbalest of Floods (weapon) {velocity, MP+9 SInv}
   (Okawaru gifted it to you on level 1 of the Orcish Mines)

   Any bolt fired from it inflicts extra damage.
   It affects your magic capacity (+9).
   It enhances your eyesight.
Missiles
 v - 10 bolts of flame
 J - 54 bolts (quivered)
 P - 9 bolts of penetration
Armour
 t - a +2 cloak of magic resistance (worn)
   (You took it off Crazy Yiuf on level 2 of the Dungeon)
 y - a +2 pair of boots of running (worn)
   (You found it on level 6 of the Dungeon)
 H - a +2 helmet of see invisible (worn)
   (Okawaru gifted it to you on level 6 of the Lair of Beasts)
 Z - the +10 chain mail of Disaster (worn) {rPois Dex+2 SInv}
   (You found it in a labyrinth)

   It affects your dexterity (+2).
   It protects you from poison.
   It enhances your eyesight.
Rods
 I - a +1 rod of inaccuracy (13/13) {!a}
   (You took it off a minotaur in a labyrinth)
 S - a +5 rod of shadows (16/16) {!a}
   (You found it on level 8 of the Lair of Beasts)
Jewellery
 g - an uncursed amulet of stasis
 i - an uncursed ring of protection from fire
 k - a +4 ring of evasion (right claw)
 m - the ring of the Mage {Wiz MR++ Int+3}
   (You found it on level 2 of the Lair of Beasts)

   [ring of wizardry]

   It improves your spell success rate.
   It affects your intelligence (+3).
   It affects your resistance to hostile enchantments.
 r - an amulet of warding (around neck)
 x - an uncursed amulet of resist mutation
 E - a ring of flight (left claw)
 M - an uncursed ring of sustain abilities
Magical devices
 a - a wand of fire (6)
 n - a wand of hasting (7) {!d}
 o - a wand of heal wounds (8) {!d}
 s - a wand of digging (5)
 u - a wand of teleportation (8) {!d}
Scrolls
 h - 13 scrolls of remove curse
 D - a scroll of fog
 L - 2 scrolls of blinking
 N - 3 scrolls of teleportation {!r}
 R - a scroll of silence {!r}
 T - a scroll of fear {!r}
 X - 13 scrolls of identify
Potions
 c - 14 potions of curing
 d - 2 potions of might {!q}
 l - a potion of invisibility {!q}
 q - 2 potions of resistance {!q}
 w - a potion of cancellation {!q}
 C - 5 potions of heal wounds {!q}
 K - a potion of agility {!q}
 O - 3 potions of haste {!q}
Miscellaneous
 p - a phantom mirror
 V - a legendary deck of destruction {the Orb}
Comestibles
 f - 24 bread rations {!e}
 j - a poisonous chunk of flesh
 z - 44 fruits


   Skills:
 - Level 15.0(20.0) Fighting
   Level 1.4(6.4) Polearms
 - Level 7.0(12.0) Crossbows
 - Level 1.0(6.0) Throwing
 + Level 14.7(19.7) Armour
 - Level 15.0(20.0) Unarmed Combat
 - Level 8.0 Invocations
 - Level 10.0 Evocations


You had 15 spell levels left.
You didn't know any spells.

Dungeon Overview and Level Annotations

Branches:
Dungeon (15/15)            Temple (1/1) D:5            Lair (8/8) D:9
  Swamp (4/5) Lair:6       Spider (1/5) Lair:6        Slime (0/6) Lair:6
    Orc (4/4) D:9             Elf (0/3) Orc:4        Vaults (0/5) D:13
 Depths (0/5) D:15

Altars:
Ashenzari
Cheibriados
Dithmenos
Elyvilon
Fedhas
Gozag
Kikubaaqudgha
Makhleb
Nemelex Xobeh
Okawaru
Qazlal
Ru
Sif Muna
Trog
Vehumet
Xom
Yredelemnul
Zin
The Shining One
Beogh
Jiyva

Shops:
D:8 =   D:9 !*![=   D:10 *   D:14 *   Orc:2 !   Orc:4 !(**

Portals:
Trove: D:10 (give +5 demon whip)


Innate Abilities, Weirdness & Mutations

You have claws for hands.
You are completely covered in yellow scales (AC +4, rCorr).
A weak demonic guardian rushes to your aid.
You can steal the life force of nearby defeated enemies.
You possess an exceptional clarity of mind.


Message History

The jumping spider is heavily wounded.
The spider misses you.
The jumping spider pounces on you but does no damage.
The jumping spider closely misses you.
You closely miss the jumping spider.
The jumping spider is heavily wounded.
The jumping spider pounces on you but does no damage.
The jumping spider barely misses you. The spider closely misses you.
You scratch the jumping spider!
The jumping spider is severely wounded.
The jumping spider leaps!
The jumping spider completely misses you.
The jumping spider barely misses you. The spider closely misses you.
You scratch the jumping spider!!
You kill the jumping spider!
Okawaru accepts your kill.
The spider bites you but does no damage.
Wield which item (- for none, * to show all)? (? for menu, Esc to quit)
b - the +9 arbalest of Floods (weapon)
{velocity, MP+9 SInv} The jumping spider leaps!
The spider bites you but does no damage.
The orb spider begins to weave its threads into a brightly glowing ball.
Firing (i - inventory. (,) - cycle):
J - 56 bolts (quivered)
Press: ? - help, Shift-Dir - straight line, f - orb spider
Aim: an orb spider You shoot a bolt.
The bolt hits the orb spider!
The orb spider is heavily wounded.
The jumping spider leaps!
The spider bites you but does no damage.
The jumping spider leaps!
The spider barely misses you.
Unknown command.
Firing (i - inventory. (,) - cycle):
J - 55 bolts (quivered)
Press: ? - help, Shift-Dir - straight line, f - orb spider, p - orb spider
Aim: an orb spider (heavily wounded)
You shoot a bolt. The bolt hits the orb spider!!
The orb spider is almost dead.
The spider closely misses you.
The orb spider weaves a glowing orb of energy.
The spider bites you but does no damage.
Unknown command.
Evoke which item? (* to show all) (? for menu, Esc to quit)
Zapping:
s - a wand of digging (will waste charges)
Press: ? - help, Shift-Dir - straight line, p - orb spider The rock shatters into small pieces.
Evoking this partially-identified wand wasted a few charges.
The orb spider weaves a glowing orb of energy.
The spider bites you.
You take 2 damage.
The orb of destruction hits you!
You die...

##........†........#
#........†...##..##
#.............#..
........#.........
...............#...#
....##..##....##....
... #..###.........#
....##.###§.####..####
.........§.s§@.......#
..#....^s*..####...###
.......s...####..##
>......#......(..#
..##....###...ss....
####. #..##.... #.
...# ... .. .... . ..
.....#


You could see 2 orb spiders and a spider.

Vanquished Creatures
  A thorn hunter (Swamp:3)
  The ghost of DwarfCleric the Executioner, a mighty DDFi of Makhleb (Swamp:3)
  Frances (Swamp:2)
  An orc warlord (Orc:1)
  Jorgrun (Swamp:2)
  A stone giant (Orc:3)
  A dire elephant (D:15)
  Snorg (D:14)
  13 hydras
  A minotaur (Lab)
  3 catoblepae (Lair:8)
  Erica (D:13)
  A centaur warrior (D:15)
  6 alligators
  13 death yaks
  8 orc high priests (Orc:4)
  A spriggan berserker (Swamp:2)
  Urug (D:13)
  4 skeletal warriors
  3 spriggan druids
  A deep troll (D:13)
  A swamp dragon (Swamp:4)
  2 shambling mangroves
  4 lindwurms (D:10)
  4 wolf spiders
  An orc knight (D:15)
  3 hill giants
  3 orb spiders
  An ugly thing (D:12)
  A wolf spider zombie (D:13)
  An orb spider (shapeshifter) (D:14)
  2 hornets
  2 orc sorcerers
  3 cyclopes
  3 manticores
  4 elephants
  Maurice (D:8)
  Joseph (D:12)
  2 centaur zombies (D:14)
  17 spiny frogs
  A torpor snail (Lair:4)
  6 black mambas
  4 centaur skeletons
  A gargoyle (Lab)
  A fire drake (Lair:5)
  2 yaktaurs (D:15)
  A naga mage (D:15)
  A kobold demonologist (D:13)
  4 komodo dragons
  An efreet (D:13)
  A demonic crawler (Spider:1)
  2 freezing wraiths
  5 giant leeches
  7 trolls
  2 jumping spiders (Spider:1)
  A two-headed ogre (D:9)
  4 polar bears
  A hornet zombie (D:13)
  29 slime creatures
  5 bog bodies
  6 baby alligators
  13 blink frogs
  4 wandering mushrooms (Lab)
  5 ravens
  5 trapdoor spiders
  52 yaks
  A basilisk (Lair:5)
  5 deep elf magi
  A shadow (D:15)
  A vampire (D:14)
  2 wyverns
  A tarantella (Spider:1)
  10 spriggans
  A mottled dragon (D:12)
  Grum (D:8)
  A centaur simulacrum (D:15)
  4 wraiths
  A steam dragon (D:13)
  13 vampire mosquitoes
  26 water moccasins
  A hungry ghost (D:14)
  11 hippogriffs
  7 porcupines
  3 wargs
  Edmund (D:5)
  Menkaure (D:4)
  19 wolves
  8 insubstantial wisps
  40 swamp worms
  10 black bears
  7 swamp drakes
  A soldier ant (D:14)
  8 wasps
  12 ogres
  18 orc warriors
  A spider (shapeshifter) (D:14)
  An eye of draining (D:15)
  2 necrophages
  6 phantoms
  A sky beast (D:13)
  2 spiders (Spider:1)
  2 ice beasts
  A boring beetle (Lair:5)
  14 centaurs
  16 big kobolds
  18 crocodiles
  19 giant frogs
  An earth elemental (Lab)
  10 scorpions
  6 electric eels
  3 killer bees
  6 wights
  4 goliath beetles
  7 crimson imps
  10 hounds
  7 jellies
  A giant frog zombie (D:5)
  A gnoll shaman (D:8)
  8 iguanas
  Crazy Yiuf (D:2)
  42 orc priests
  9 worker ants
  31 orc wizards
  2 hell rats (Lair:5)
  39 sheep
  A hound skeleton (D:8)
  A hound zombie (D:8)
  A worker ant zombie (D:5)
  14 gnolls
  70 river rats
  12 white imps (Lair:3)
  20 adders
  3 shadow imps
  7 worms (Lair:2)
  2 adder skeletons
  4 giant geckos
  An ooze (D:2)
  203 orcs
  3 ball pythons
  8 bats
  4 bat skeletons
  8 giant cockroaches
  18 goblins
  18 hobgoblins
  3 jackals (D:7)
  12 quokkas
  A giant cockroach zombie (D:3)
  4 giant newts
  22 kobolds
  A quokka skeleton (D:4)
  16 rats
  15 ballistomycetes
  2 fungi
  2 plants
1246 creatures vanquished.

Vanquished Creatures (collateral kills)
  Gastronok (Orc:2)
  Josephine (Orc:2)
  A hydra (Swamp:3)
  A centaur warrior (D:15)
  A hill giant (D:15)
  A wizard (D:13)
  An elephant (Lair:8)
  A black mamba (Lair:4)
  A spiny frog (Lair:3)
  A centaur skeleton (D:14)
  A giant leech (Swamp:2)
  3 ravens
  3 yaks
  2 wolves
  A mottled dragon (D:13)
  A swamp worm (Swamp:2)
  A necrophage (D:8)
  A porcupine (D:9)
  A water moccasin (Lair:8)
  A centaur (D:5)
  A big kobold (D:11)
  A crocodile (Swamp:2)
  A giant frog (Lair:1)
  A scorpion (D:8)
  3 killer bees (D:13)
  A crimson imp (D:13)
  An iron imp (D:13)
  2 orc wizards (Orc:2)
  3 sheep
  An adder (Lair:1)
  4 worms (Lair:2)
  An ufetubus (Lab)
  A giant gecko (D:5)
  13 orcs
  A goblin (D:3)
  A quokka (Lair:1)
  A giant newt (D:5)
  A rat (D:6)
63 creatures vanquished.

Vanquished Creatures (others)
  Asterion (Swamp:2)
  A hydra (Swamp:3)
  A centaur warrior (D:13)
  An ugly thing (D:12)
  A raven (Swamp:1)
  A trapdoor spider (Swamp:2)
  A hippogriff (Swamp:3)
  An insubstantial wisp (Swamp:1)
  A water moccasin (Swamp:2)
  A crocodile (D:12)
  A scorpion (Spider:1)
  51 quasits
  52 crimson imps
  56 iron imps
  40 white imps
  53 ufetubi
  An orc (Orc:2)
  6 giant spores
  A fungus (Lair:5)
  2 plants
273 creatures vanquished.

Grand Total: 1582 creatures vanquished

Notes
Turn   | Place    | Note
--------------------------------------------------------------
     0 | D:1      | Gorice, the Demonspawn Wanderer, began the quest for the Orb.
     0 | D:1      | Gorice set off with: a phial of floods, a +0 ring mail, a +0 hand crossbow, 25 bolts, a bread ration {!e}
     0 | D:1      | Reached XP level 1. HP: 16/16 MP: 1/1
    78 | D:1      | Found a sparkling altar of Nemelex Xobeh.
   201 | D:1      | Reached skill level 4 in Crossbows
   256 | D:1      | Gained mutation: You are partially covered in yellow scales (AC +2). [demonic ancestry]
   256 | D:1      | Reached XP level 2. HP: 22/22 MP: 2/2
   433 | D:2      | Gained mutation: A weak demonic guardian rushes to your aid. [demonic ancestry]
   433 | D:2      | Reached XP level 3. HP: 27/27 MP: 3/3
   625 | D:2      | Reached skill level 5 in Crossbows
   644 | D:2      | Reached XP level 4. HP: 22/33 MP: 4/4
   708 | D:2      | Found a glowing silver altar of Zin.
   708 | D:2      | Found an opulent altar of Gozag.
  1183 | D:2      | Noticed Crazy Yiuf
  1211 | D:2      | Killed Crazy Yiuf
  1503 | D:3      | Found a blossoming altar of Fedhas.
  1835 | D:3      | Gained mutation: You have sharp fingernails. [demonic ancestry]
  1835 | D:3      | Reached XP level 5. HP: 38/38 MP: 5/5
  2317 | D:3      | Reached skill level 1 in Unarmed Combat
  2439 | D:4      | Noticed Menkaure
  2508 | D:3      | HP: 11/38 [gnoll (4)]
  2512 | D:2      | Reached skill level 2 in Unarmed Combat
  2944 | D:4      | Found a basalt altar of Yredelemnul.
  2947 | D:4      | Found a glowing golden altar of the Shining One.
  2948 | D:4      | Noticed an angel
  3013 | D:4      | Found a sparkling altar of Nemelex Xobeh.
  3202 | D:4      | Killed Menkaure
  3202 | D:4      | Reached skill level 6 in Crossbows
  3202 | D:4      | Reached skill level 3 in Unarmed Combat
  3202 | D:4      | Reached XP level 6. HP: 23/44 MP: 7/7
  3296 | D:4      | Noticed a profane servitor
  3578 | D:5      | Entered Level 5 of the Dungeon
  3578 | D:5      | Found a staircase to the Ecumenical Temple.
  3594 | Temple   | Entered the Ecumenical Temple
  3800 | Temple   | Became a worshipper of Warmaster Okawaru
  3954 | D:5      | Found a glowing silver altar of Zin.
  4084 | D:5      | Reached skill level 4 in Unarmed Combat
  4150 | D:5      | Reached XP level 7. HP: 23/50 MP: 8/8
  4165 | D:5      | HP: 15/50 [poisoned by a kobold]
  4171 | D:5      | HP: 14/50 [poisoned by a kobold]
  4179 | D:5      | HP: 13/50 [poisoned by a kobold]
  4487 | D:5      | Found a sacrificial altar of Ru.
  4494 | D:5      | Found an ancient bone altar of Kikubaaqudgha.
  4575 | D:5      | Noticed Edmund
  4604 | D:5      | Killed Edmund
  4604 | D:5      | Acquired Okawaru's first power
  4604 | D:5      | Reached skill level 5 in Unarmed Combat
  4940 | D:6      | Reached skill level 6 in Unarmed Combat
  4940 | D:6      | Gained mutation: You are mostly covered in yellow scales (AC +3). [demonic ancestry]
  4940 | D:6      | Reached XP level 8. HP: 56/56 MP: 9/9
  5066 | D:6      | Reached skill level 7 in Crossbows
  5168 | D:6      | Reached skill level 7 in Unarmed Combat
  5189 | D:6      | Identified a +0 pair of boots of running (You found it on level 6 of the Dungeon)
  5189 | D:6      | --+0 boots of running - sweet!
  5738 | D:7      | Reached skill level 8 in Unarmed Combat
  6055 | D:7      | Reached XP level 9. HP: 45/61 MP: 10/10
  6202 | D:7      | Reached skill level 9 in Unarmed Combat
  6982 | D:7      | Reached skill level 10 in Unarmed Combat
  7423 | D:8      | Found Plog's Jewellery Boutique.
  7461 | D:8      | Noticed Grum
  7497 | D:8      | Killed Grum
  7561 | D:8      | Reached skill level 11 in Unarmed Combat
  7891 | D:8      | Noticed Maurice
  8107 | D:8      | Bought an uncursed ring of see invisible for 240 gold pieces
  8739 | D:8      | Reached XP level 10. HP: 67/67 MP: 11/11
  8969 | D:9      | Found Ukaacoh's Distillery.
  8974 | D:9      | Bought a potion of heal wounds for 65 gold pieces
  8974 | D:9      | Bought a potion of degeneration for 13 gold pieces
  9029 | D:9      | Reached skill level 12 in Unarmed Combat
  9243 | D:9      | Found a staircase to the Orcish Mines.
  9507 | D:9      | Found Skaplah's Jewellery Boutique.
  9531 | D:9      | Found a staircase to the Lair.
  9669 | D:9      | Found a burning altar of Makhleb.
  9669 | D:9      | Found a radiant altar of Vehumet.
  9960 | D:9      | Received a gift from Okawaru
  9967 | D:9      | Found Faics' Distillery.
 10134 | D:9      | Found Hisaet's General Store.
 10171 | D:9      | Found Ufifum's Armour Emporium.
 10334 | Lair:1   | Entered Level 1 of the Lair of Beasts
 10355 | D:9      | Reached skill level 13 in Unarmed Combat
 10400 | D:9      | HP: 16/67 [yak (12)]
 10926 | Lair:1   | Acquired Okawaru's second power
 10926 | Lair:1   | Gained mutation: You are completely covered in yellow scales (AC +4, rCorr). [demonic ancestry]
 10926 | Lair:1   | Reached XP level 11. HP: 30/72 MP: 12/12
 10934 | Lair:1   | HP: 21/72 [poisoned by a water moccasin]
 10939 | Lair:1   | HP: 18/72 [poisoned by a water moccasin]
 10945 | D:9      | HP: 17/72 [poisoned by a water moccasin]
 10950 | D:9      | HP: 16/72 [poisoned by a water moccasin]
 10957 | D:9      | HP: 15/72 [poisoned by a water moccasin]
 10965 | D:9      | HP: 15/72 [poisoned by a water moccasin]
 11214 | Lair:1   | Noticed a black mamba
 11265 | D:9      | Killed a black mamba
 11265 | D:9      | Reached skill level 14 in Unarmed Combat
 11578 | D:9      | Noticed a cyclops
 11614 | D:9      | Killed a cyclops
 11653 | Orc:1    | Entered Level 1 of the Orcish Mines
 11819 | D:9      | HP: 3/72 [ogre/giant club (22)]
 11829 | D:9      | HP: 12/72 [orc priest/divine providence (12)]
 12281 | Orc:1    | HP: 17/72 [orc warrior/dire flail of holy wrath (5)]
 12649 | D:9      | Bought an uncursed ring of poison resistance for 240 gold pieces
 13778 | Lair:2   | Reached skill level 15 in Unarmed Combat
 14278 | Lair:2   | Received a gift from Okawaru
 14384 | Lair:2   | Reached skill level 2 in Armour
 14395 | Lair:2   | Reached skill level 3 in Fighting
 14419 | Lair:2   | Received a gift from Okawaru
 15089 | Lair:3   | Reached skill level 3 in Armour
 15117 | Lair:3   | Reached skill level 4 in Fighting
 15281 | Lair:3   | Found a frozen archway.
 15407 | IceCv    | Entered an ice cave
 15468 | Lair:3   | Reached skill level 4 in Armour
 15791 | Lair:3   | Reached skill level 5 in Fighting
 15796 | Lair:3   | Gained mutation: You can steal the life force of nearby defeated enemies. [demonic ancestry]
 15796 | Lair:3   | Reached XP level 12. HP: 72/86 MP: 14/14
 15822 | Lair:3   | Received a gift from Okawaru
 16040 | Lair:4   | Reached skill level 5 in Armour
 16183 | Lair:4   | Reached skill level 6 in Fighting
 16350 | Lair:4   | Found a white marble altar of Elyvilon.
 16788 | Lair:4   | Reached skill level 6 in Armour
 17052 | Lair:4   | Received a gift from Okawaru
 17053 | Lair:4   | Got a pair of warped gloves {god gift}
 17066 | Lair:4   | Identified the +1 pair of gloves of Xoxyudom {rF- Regen+ Dex+11} (Okawaru gifted it to you on level 4 of the Lair of Beasts)
 17066 | Lair:4   | --Interesting that +11 dex does nothing to improve EV!
 17088 | Lair:4   | Noticed a four-headed hydra
 17095 | Lair:4   | Killed a four-headed hydra
 17095 | Lair:4   | Reached skill level 7 in Fighting
 17474 | Lair:5   | Reached skill level 7 in Armour
 17677 | Lair:5   | Reached skill level 8 in Fighting
 18001 | Lair:5   | Reached skill level 8 in Armour
 19368 | Lair:6   | Reached skill level 9 in Fighting
 19401 | Lair:6   | Found a hole to the Spider Nest.
 19410 | Lair:6   | Reached XP level 13. HP: 85/101 MP: 15/15
 19461 | Lair:6   | HP: 23/101 [yak (13)]
 19474 | Lair:5   | HP: 27/101 [yak (5)]
 19897 | Lair:6   | Found a viscous altar of Jiyva.
 19897 | Lair:6   | Found a staircase to the Slime Pits.
 20072 | Lair:6   | Received a gift from Okawaru
 20184 | Lair:5   | Noticed a four-headed hydra
 20194 | Lair:5   | Killed a four-headed hydra
 20378 | Lair:6   | Reached skill level 9 in Armour
 20412 | Lair:6   | Found a staircase to the Swamp.
 20839 | Lair:7   | You fall through a shaft!
 20839 | Lair:8   | Entered Level 8 of the Lair of Beasts
 20928 | Lair:8   | Identified the Catalogue of Attacks
 21232 | Lair:7   | Reached skill level 10 in Fighting
 21598 | Lair:7   | Found a basalt altar of Yredelemnul.
 22345 | D:9      | Bought a potion of might for 52 gold pieces
 22345 | D:9      | Bought a potion of heal wounds for 65 gold pieces
 22382 | D:9      | Bought a potion of restore abilities for 70 gold pieces
 22382 | D:9      | Bought a potion of cancellation for 112 gold pieces
 22382 | D:9      | Bought a potion of berserk rage for 70 gold pieces
 22382 | D:9      | Bought a potion of poison for 14 gold pieces
 22382 | D:9      | Bought a potion of agility for 56 gold pieces
 22412 | D:9      | Bought a potion of heal wounds for 65 gold pieces
 22753 | Lair:8   | Reached skill level 10 in Armour
 23381 | Lair:8   | Reached skill level 11 in Fighting
 23670 | Lair:7   | HP: 22/106 [spiny frog (17)]
 24321 | Lair:8   | Received a gift from Okawaru
 24463 | Lair:8   | Reached skill level 11 in Armour
 24463 | Lair:8   | Reached XP level 14. HP: 112/114 MP: 16/16
 24767 | Lair:8   | Identified a +2 rod of shadows (12/12) (You found it on level 8 of the Lair of Beasts)
 24881 | Lair:8   | Reached skill level 12 in Fighting
 24881 | Lair:8   | Reached skill level 2 in Evocations
 25340 | Orc:2    | Found Plog's Distillery.
 25428 | Orc:2    | Noticed Josephine
 25430 | Orc:2    | Noticed Gastronok
 25563 | Orc:2    | Killed Josephine
 25563 | Orc:2    | Reached skill level 3 in Evocations
 25570 | Orc:2    | Killed Gastronok
 25591 | Orc:2    | Found an iron altar of Okawaru.
 25664 | Orc:2    | Noticed an orc warlord
 26022 | D:8      | Killed Maurice
 26424 | Lair:2   | Reached skill level 4 in Evocations
 26557 | D:10     | Entered Level 10 of the Dungeon
 26928 | D:10     | Found Psicir's Assorted Antiques.
 27088 | D:10     | Found a portal to a secret trove of treasure.
 27432 | D:10     | Reached skill level 5 in Evocations
 27542 | D:10     | Bought a thick ruby amulet for 120 gold pieces
 27629 | D:11     | Gained mutation: You possess an exceptional clarity of mind. [potion of beneficial mutation]
 28042 | D:11     | Received a gift from Okawaru
 28606 | D:11     | Reached skill level 6 in Evocations
 28828 | D:12     | Reached skill level 13 in Fighting
 28948 | D:12     | Noticed Joseph
 29001 | D:12     | Killed Joseph
 29310 | D:12     | Noticed Urug
 29673 | D:10     | Bought a shiny chain mail for 108 gold pieces
 29683 | D:10     | Bought a large ivory ring for 120 gold pieces
 29989 | D:13     | Reached skill level 7 in Evocations
 30036 | D:13     | Found a labyrinth entrance.
 30092 | Lab      | Entered a labyrinth
 30792 | Lab      | Identified Greul's Grimoire of Necromancy
 30798 | Lab      | Got a brightly glowing chain mail
 30810 | Lab      | Identified the +10 chain mail of Disaster {rPois Dex+2 SInv} (You found it in a labyrinth)
 30898 | Lair:1   | Upgraded the game from 0.16.1-5-gaa23807 to 0.16.1-7-g2c6721e
 30907 | Lair:1   | Identified a +1 rod of inaccuracy (13/13) {!a} (You took it off a minotaur in a labyrinth)
 31541 | D:13     | Reached skill level 8 in Evocations
 31629 | D:13     | Noticed Erica
 31639 | D:13     | Killed Erica
 31766 | D:13     | Killed Urug
 31875 | D:13     | Found a gate to the Vaults.
 32024 | D:13     | Gained mutation: You have very sharp fingernails. [demonic ancestry]
 32024 | D:13     | Reached XP level 15. HP: 119/125 MP: 27/27
 32547 | Orc:1    | Killed an orc warlord
 32547 | Orc:1    | Received a gift from Okawaru
 32562 | Orc:1    | Got a jewelled arbalest {god gift}
 32564 | Orc:1    | Identified the +9 arbalest of Floods {velocity, MP+9 SInv} (Okawaru gifted it to you on level 1 of the Orcish Mines)
 32664 | Orc:2    | Bought a potion of haste for 160 gold pieces
 33025 | D:8      | Bought an uncursed amulet of resist mutation for 640 gold pieces
 33406 | Orc:3    | Reached skill level 14 in Fighting
 33406 | Orc:3    | Reached skill level 9 in Evocations
 34024 | Orc:4    | Entered Level 4 of the Orcish Mines
 34024 | Orc:4    | Found an iron altar of Okawaru.
 34153 | Orc:4    | Found a staircase to the Elven Halls.
 34915 | Orc:4    | Found Uximub's General Store.
 34915 | Orc:4    | Found Gopoigyr's General Store.
 35008 | Orc:4    | Found a roughly hewn altar of Beogh.
 35090 | Orc:4    | Found Muid's Distillery.
 35090 | Orc:4    | Found Saufol's Antique Weapon Shoppe.
 35168 | Orc:4    | Bought a cursed ring of loudness for 58 gold pieces
 35168 | Orc:4    | Bought a wand of heal wounds (4) for 624 gold pieces
 35179 | Orc:4    | Bought a scroll of blinking for 127 gold pieces
 35461 | D:14     | Found Fetz's Assorted Antiques.
 35544 | D:14     | Reached skill level 10 in Evocations
 35550 | D:14     | Received a gift from Okawaru
 35974 | D:14     | Noticed Snorg
 35987 | D:14     | Killed Snorg
 36154 | D:14     | Found a sacrificial altar of Ru.
 36472 | D:15     | Entered Level 15 of the Dungeon
 36481 | D:15     | Reached skill level 15 in Fighting
 36530 | D:15     | Reached skill level 1 in Invocations
 36614 | D:15     | Reached skill level 2 in Invocations
 36627 | D:15     | Received a gift from Okawaru
 37054 | D:15     | Reached skill level 3 in Invocations
 37322 | D:15     | Reached skill level 4 in Invocations
 37349 | D:15     | Found a staircase to the Depths.
 37646 | D:15     | Reached skill level 5 in Invocations
 38061 | Swamp:1  | Entered Level 1 of the Swamp
 38084 | Swamp:1  | Got a slimy ring mail
 38103 | Lair:6   | Identified the -4 ring mail "Miucs" {rElec} (You found it on level 1 of the Swamp)
 38335 | Swamp:1  | Reached skill level 6 in Invocations
 38704 | Swamp:1  | Reached skill level 12 in Armour
 38801 | Swamp:2  | Reached skill level 7 in Invocations
 38962 | Swamp:2  | Noticed Frances
 38980 | Swamp:2  | Killed Frances
 39070 | Swamp:2  | Received a gift from Okawaru
 39128 | Swamp:2  | Noticed Jorgrun
 39144 | Swamp:2  | Killed Jorgrun
 39240 | Swamp:2  | Reached skill level 8 in Invocations
 39245 | Swamp:2  | Gained mutation: You have claws for hands. [demonic ancestry]
 39245 | Swamp:2  | Reached XP level 16. HP: 89/136 MP: 29/29
 39508 | Swamp:2  | Noticed Asterion
 39525 | Swamp:2  | Killed Asterion
 39527 | Swamp:2  | --ho ho, drowned while confused from a swamp drake!
 40598 | Swamp:2  | Reached skill level 13 in Armour
 41556 | Swamp:3  | Noticed DwarfCleric's ghost (mighty DDFi)
 41565 | Swamp:3  | HP: 23/136 [DwarfCleric's ghost (24)]
 41580 | Swamp:3  | Killed DwarfCleric's ghost
 41906 | Swamp:3  | Reached skill level 14 in Armour
 42282 | Swamp:4  | Received a gift from Okawaru
 43427 | Spider:1 | Entered Level 1 of the Spider Nest
 43572 | Spider:1 | Blown up by an orb spider

Action                   |  1- 3 |  4- 6 |  7- 9 | 10-12 | 13-15 | 16-18 || total
-------------------------+-------+-------+-------+-------+-------+-------++-------
Melee: Halberd           |     6 |    53 |       |       |       |       ||    59
       Unarmed           |       |   159 |   288 |  1081 |  1929 |   397 ||  3854
       Dagger            |       |       |       |       |     2 |       ||     2
 Fire: Hand crossbow     |    64 |    92 |    17 |    61 |   158 |       ||   392
       Blowgun           |       |       |   114 |   204 |   132 |       ||   450
       Arbalest          |       |       |       |       |   168 |    92 ||   260
Throw: Stone             |       |       |    22 |       |       |       ||    22
       Tomahawk          |       |       |     5 |    22 |     4 |       ||    31
       Throwing net      |       |       |     1 |       |       |       ||     1
       Javelin           |       |       |       |       |    10 |       ||    10
Invok: Heroism           |       |       |     5 |    13 |    21 |     8 ||    47
 Abil: Evoke Flight      |       |       |       |       |     2 |     2 ||     4
Evoke: Wand              |       |       |     2 |     1 |     3 |     2 ||     8
       Phial of floods   |       |       |       |     1 |       |       ||     1
       Rod               |       |       |       |       |    17 |    10 ||    27
  Use: Scroll            |     2 |     8 |     8 |     7 |    19 |     4 ||    48
       Potion            |       |       |     2 |     1 |     6 |     3 ||    12
 Stab: Distracted        |       |       |     1 |     4 |    14 |     1 ||    20
       Sleeping          |       |       |     1 |     1 |       |       ||     2
       Held in net/web   |       |       |     1 |       |     1 |       ||     2
  Eat: Chunk             |       |     9 |    14 |    30 |    59 |    12 ||   124
       Pizza             |       |     1 |       |     1 |     1 |       ||     3
       Beef jerky        |       |       |       |     1 |     1 |       ||     2
       Bread ration      |       |       |       |       |     1 |     1 ||     2
       Fruit             |       |       |       |       |       |     1 ||     1

Table legend:
 A = Turns spent in this place as a percentage of turns spent in the entire game.
 B = Non-inter-level travel turns spent in this place as a percentage of non-inter-level travel turns spent in the entire game.
 C = Inter-level travel turns spent in this place as a percentage of turns spent in this place.
 D = Turns resting spent in this place as a percentage of non-inter-level travel turns spent in this place.
 E = Turns spent auto-exploring this place as a percentage of non-inter-level travel turns spent in this place.
 F = Non-inter-level travel turns spent in this place divided by the number of levels of this place that you've seen.
                   A       B       C       D       E      F
               +-------+-------+-------+-------+-------+----------------------
         Total | 100.0 | 100.0 |   0.5 |   2.0 |   3.0 | 592.0
       Dungeon |  42.3 |  42.3 |   0.6 |   1.6 |   3.8 | 584.5
        Temple |   0.2 |   0.2 |   2.2 |   0.0 |  22.7 |  44.0
          Lair |  31.1 |  31.1 |   0.6 |   2.7 |   2.4 | 805.4
         Swamp |  10.9 |  10.9 |   0.2 |   3.8 |   3.5 | 565.2
   Spider Nest |   0.6 |   0.7 |   0.0 |   0.0 |   1.5 | 135.0
  Orcish Mines |  11.1 |  11.1 |   0.6 |   0.5 |   1.3 | 576.2
     Labyrinth |   3.7 |   3.7 |   0.0 |   0.0 |   0.0 | 761.0
      Ice Cave |   0.0 |   0.0 |   0.0 |   0.0 |   0.0 |   3.0
               +-------+-------+-------+-------+-------+----------------------

Vault maps used:
D:1:      dpeg_arrival_houses_and_road, nemelex_xobeh_ov_fountains_minmay
D:2:      grunt_temple_overflow_gold_and_silver, uniq_crazy_yiuf_cottage
D:3:      kennysheep_six_static_rooms, fedhas_altar_4, kennysheep_nondescript,
          serial_bayou_pond_b, st_stairs_5
D:4:      wad_pebble_path, grunt_temple_overflow_holy_war, first_bread,
          hangedman_abyss_or_decor_slice, nemelex_spade_bored_becter,
          uniq_menkaure
D:5:      minitemple, minmay_temple_entry_statues, basic_altar,
          min_item_tele_traps, dk_vineyard_1, uniq_edmund
D:7:      serial_glass, glass_columns_a, glass_columns_a, grunt_ogre_cave,
          kennysheep_another_room
D:8:      serial_shops, shop, uniq_grum, uniq_maurice
D:9:      grunt_temple_overflow_lords_of_destruction, lair_0_dummy,
          david_orc_1_choice, serial_shops, shop, nicolae_shop_crystal, shop,
          kennysheep_mini, nicolae_shop_stone
D:10:     serial_shops, shop, trove_entry_hex_spiral, minmay_misc_feat_square,
          minmay_lindwurm_lava
D:11:     special_room
D:12:     nicolae_two_hexagons, uniq_urug, uniq_joseph
D:13:     david_vaults_4, lab_entry_generic, uniq_erica
D:14:     hangedman_ru_absence, serial_shops, nicolae_shop_crystal, uniq_snorg
D:15:     hangedman_depths_entry_try_elsewhere_first, minmay_stone_trees_small
Temple:   chambers_temple_10
Lair:1:   beast_lair_carwin_large_2, lemuel_fruit_tree
Lair:2:   beast_lair_carwin_large_3, st_stairs_7, worms_lemuel,
          infiniplex_staircase_pool
Lair:3:   portal_ice_cave_entry_imps, grunt_megastairs_2
Lair:4:   basic_altar, hibernation_bobbens
Lair:5:   kennysheep_rathole, serial_bayou, serial_bayou_lagoon_b,
          serial_bayou_pond_b, serial_bayou_pond_d, serial_bayou_shore_a,
          serial_bayou_pond_c, serial_bayou_pond_e
Lair:6:   nicolae_swamp_entry_splash_gauntlet,
          nicolae_spider_entry_orb_guardian, slime_altar_1,
          infiniplex_staircase_pool_2
Lair:7:   wad_woods_stonehenge
Lair:8:   evilmike_catoblepas_cave
Swamp:1:  evilmike_swamp_ruin_house_4
Swamp:2:  cheibrodos_swamp_heart_of_darkness, evilmike_swamp_ruin_house_6,
          uniq_jorgrun, uniq_frances, uniq_asterion
Swamp:3:  evilmike_swamp_ruin_house_3
Swamp:4:  serial_swamp_ruin, evilmike_swamp_ruin_house_5,
          evilmike_swamp_ruin_rubble_1
Spider:1: hangedman_spider_tarantella_strand
Orc:2:    serial_shops, shop, okawaru_metal_pillars_1_2, uniq_josephine,
          uniq_gastronok
Orc:3:    nicolae_orc_pool_cavern, baited_tele_trap
Orc:4:    st_orc_town, basic_altar
Lab:      nicolae_lab_starburst, nicolae_lab_garden, nicolae_lab_stuck,
          nicolae_lab_big_swirl, nicolae_lab_lava
IceCv:    ice_cave_small_dragons
